 Dungeon Crawl Stone Soup version 0.30.1-1-g62c8e00024 (webtiles) character file.

Game seed: 13824833117390321240

197 cheesebisquit the Slasher (level 5, -7/39 HPs)
             Began as a Barachi Warper on July 16, 2023.
             Killed by nerve-wracking pain
             ... invoked by an orc priest
              (12 damage)
             ... on level 3 of the Dungeon.
             The game lasted 00:07:05 (2357 turns).

cheesebisquit the Slasher (Barachi Warper)          Turns: 2357, Time: 00:07:06

Health: -7/39      AC:  7    Str: 18    XL:     5   Next: 75%
Magic:  8/8        EV: 10    Int: 14    God:
Gold:   145        SH:  0    Dex: 13    Spells: 4/8 levels left

rFire   . . .        a - +0 falchion
rCold   . . .        (no shield)
rNeg    . . .        h - +0 scale mail
rPois   .            (no helmet)
rElec   .            (no cloak)
rCorr   .            (no gloves)
SInv    .            n - +0 pair of boots
Will    .....        (no amulet) Stlth
                     o - +6 ring of strength
HPRegen 0.26/turn    (no ring)
MPRegen 0.11/turn

%: no passive effects
@: slow
A: amphibious, slowness 1, strong legs 1, +LOS
a: Hop


You were on level 3 of the Dungeon.
You visited 1 branch of the dungeon, and saw 3 of its levels.

You collected 145 gold pieces.

Inventory:

Hand Weapons
 a - a +0 falchion (weapon)
Missiles
 d - a boomerang of dispersal (quivered)
Armour
 b - a +0 leather armour
 h - a +0 scale mail (worn)
 n - a +0 pair of boots (worn)
Jewellery
 o - a +6 ring of strength (left hand)
Scrolls
 c - 2 scrolls of blinking
 g - 2 scrolls of fog {unknown}
 m - 3 scrolls of identify {unknown}
 p - a scroll of summoning {unknown}
Potions
 e - a potion of haste {unknown}
 f - 2 potions of degeneration {unknown}
 j - 2 potions of curing {unknown}
 k - a potion of magic {unknown}
 l - a potion of berserk rage {unknown}
 q - 2 potions of mutation {unknown}


   Skills:
 - Level 2.4 Fighting
 + Level 7.0 Long Blades
 - Level 1.0 Throwing
 - Level 1.2 Armour
 - Level 2.1 Dodging
 - Level 2.1 Spellcasting
 - Level 3.2 Translocations


You had 4 spell levels left.
You knew the following spells:

 Your Spells              Type           Power      Damage    Failure   Level
a - Blink                 Tloc           20%        N/A       30%         2
b - Lesser Beckoning      Tloc           20%        N/A       30%         2

Your spell library contained the following spells:

 Spells                   Type           Power      Damage    Failure   Level
 Apportation              Tloc           20%        N/A       21%         1
 Teleport Other           Tloc           10%        N/A       52%         3
 Necrotise                Necr           4%         1d4       61%         1
 Summon Small Mammal      Summ           4%         N/A       61%         1
 Vhi's Electric Charge    Tloc/Air       12%        N/A       75%         3
 Manifold Assault         Tloc           10%        N/A       89%         4
 Dazzling Flash           Conj/Hex       2%         N/A       93%         3
 Agony                    Necr           1%         N/A       100%        5
 Silence                  Hex/Air        0%         N/A       100%        5


Dungeon Overview and Level Annotations

Branches:
Dungeon (3/15)

Altars:
Uskayaw

Shops:
D:2 [


Innate Abilities, Weirdness & Mutations

You are amphibious.
You cover ground slowly.
You can hop short distances.
You have an extended range of vision and can be seen from far away.


Message History

Aim: an orc priest, wielding a +0 dagger (lightly wounded, 57% to hit)
You throw a boomerang of dispersal.
The boomerang of dispersal hits the orc priest and shatters for extra damage!
The orc priest blinks!
Throw: 5 boomerangs (disperse)
Press: ? - help, Q - select action, (/) - cycle Shift-Dir - straight line, f/p - orc priest
Aim: an orc priest, wielding a +0 dagger (severely wounded, 57% to hit)
You throw a boomerang of dispersal.
The boomerang of dispersal closely misses the orc priest.
Throw: 4 boomerangs (disperse)
Press: ? - help, Q - select action, (/) - cycle Shift-Dir - straight line, f/p - orc priest
Aim: an orc priest, wielding a +0 dagger (severely wounded, 57% to hit)
You throw a boomerang of dispersal.
The boomerang of dispersal barely misses the orc priest.
The orc priest looks braver for a moment.
Throw: 3 boomerangs (disperse)
Press: ? - help, Q - select action, (/) - cycle Shift-Dir - straight line, f/p - orc priest
Aim: an orc priest, wielding a +0 dagger (severely wounded, 57% to hit)
You throw a boomerang of dispersal.
The boomerang of dispersal hits the orc priest and shatters, but does no damage.
The orc priest is severely wounded.
The orc hits you with a +0 hand axe.
* * * LOW HITPOINT WARNING * * *
Throw: 2 boomerangs (disperse)
Press: ? - help, Q - select action, (/) - cycle Shift-Dir - straight line, f/p - orc priest
Aim: an orc priest, wielding a +0 dagger (heavily wounded, 57% to hit)
You throw a boomerang of dispersal.
The boomerang of dispersal hits the orc priest and shatters for extra damage.
The orc priest blinks!
The orc hits you with a +0 hand axe.
* * * LOW HITPOINT WARNING * * *
You barely miss the orc. The orc hits you with a +0 hand axe.
* * * LOW HITPOINT WARNING * * *
You closely miss the orc. The orc closely misses you.
You slash the orc!
You kill the orc!
The orc priest shouts!
The orc priest invokes the aid of Beogh against you.
Pain shoots through your body!
You die...

..########## ##.
#...#...#...#########.. .....
#.#..........#....†....
.........##o#........)...######.>
.>..................)....##......
...........##....................
...........# #......[..#..#####..
......(...####.....).##.## #..
...........# #.@.....##.# #..
.........#.###.#..#.....######..
#. #...#)....##.##.#.......### #.
#.........##.<#.#.#####...# ##.##
#.#######..##.#......####..
#...###.# ##....###.##.###...
.....##)#### ####...#.##.##..#.
......#.)..#### ##....##....##.
.._.....).....# #.##.###......


You could see an orc priest.

Vanquished Creatures
  A scorpion (D:3)
  8 adders
  A worm (D:3)
  2 dart slugs (D:1)
  5 orcs (D:3)
  5 ball pythons
  3 endoplasms
  A giant cockroach (D:2)
  6 goblins
  5 hobgoblins
  2 jackals (D:1)
  6 kobolds
  3 quokkas
  6 bats
  2 frilled lizards
  4 rats
60 creatures vanquished.

Notes
Turn   | Place    | Note
-------+----------+-------------------------------------------
     0 | D:1      | cheesebisquit the Barachi Warper began the quest for the
                  | Orb.
     0 | D:1      | Reached XP level 1. HP: 17/17 MP: 3/3
   211 | D:1      | Reached skill level 3 in Long Blades
   211 | D:1      | Reached XP level 2. HP: 9/23 MP: 5/5
   694 | D:1      | Reached skill level 4 in Long Blades
   731 | D:1      | Reached XP level 3. HP: 28/28 MP: 6/6
   847 | D:1      | Learned a level 2 spell: Blink
   850 | D:1      | Learned a level 2 spell: Lesser Beckoning
  1222 | D:2      | Reached skill level 5 in Long Blades
  1345 | D:2      | Reached XP level 4. HP: 34/34 MP: 7/7
  1571 | D:2      | Found Boewi's Antique Armour Emporium.
  2049 | D:3      | Reached skill level 6 in Long Blades
  2049 | D:3      | Reached XP level 5. HP: 39/39 MP: 8/8
  2293 | D:3      | Found a hide-covered altar of Uskayaw.
  2326 | D:3      | Reached skill level 7 in Long Blades
  2357 | D:3      | Killed from afar by an orc priest

Illustrated notes

Levels and vault maps discovered:
D:1:      sevenhm_arrival_forest_fort_large_2, layout_loops_cross
D:2:      layout_loops_ring, serial_shops, shop
D:3:      cheibrodos_pilgrimage, layout_rooms, lemuel_round_altar

Skill      XL: |  1  2  3  4  5 |
---------------+----------------+-----
Long Blades    | 3 4 5 6 7 |  7.0
Fighting       | |  2.4
Throwing       | |  1.0
Armour         | |  1.2
Dodging        | |  2.1
Spellcasting   | |  2.1
Translocations | |  3.2

Action                     |  1- 3 |  4- 6 || total
---------------------------+-------+-------++-------
  Melee: Falchion          |   156 |   103 ||   259
         Punch             |       |     2 ||     2
  Throw: Dart              |       |    10 ||    10
         Boomerang         |       |     6 ||     6
 Armour: Scale mail        |   120 |    43 ||   163
         Leather armour    |     1 |       ||     1
  Dodge: Dodged            |   113 |    54 ||   167
